AoeStats
← Sir Leonhart

Pilgrims

510270840Analyzed
3v3 RM · 21h ago on Sep 30, 2026· 48m 0s· 6 players
Game mode
Random Map
Map size
Normal (6 player)
Population
200
Speed
Normal
Resources
Standard
Victory
Conquest
Starting age
Dark Age
Ending age
Imperial Age
RankedLock teamsTeams togetherTeam positionsShared explorationLock speedFull tech treeHidden civsTurbo modeCheats
Victory
Defeat
🇩🇪 Varangians · Germany
856
+19
🇩🇪 Danes · Germany
843
+19
🇨🇴 Portuguese · Colombia
652
+27
🇺🇸 Inca · United States
972
-24
886
-21
🇨🇳 Chinese · China
872
-57
Soshipeak
14:06 Feudal Age
12:34 Loom
14:20 Feudal Age
17:04 Arson
23:57 Castle Age
27:54 Husbandry
33:57 Circumnavigation
anonymer Alfred
3:33 Loom
14:32 Feudal Age
14:35 Man-at-Arms
15:01 Arson
15:33 Town Watch
17:48 Fletching
18:09 Forging
24:18 Fishing Lines
25:40 Stone Mining
25:41 Gold Mining
26:30 Wheelbarrow
30:38 Castle Age
29:09 Bloodlines
29:08 Padded Archer Armor
28:57 Horse Collar
30:37 Scale Barding Armor
31:37 Bodkin Arrow
32:21 Leather Archer Armor
32:22 Double-Bit Axe
32:41 Heavy Plow
33:21 Stone Shaft Mining
32:44 Treadmill Crane
32:56 Guard Tower
33:27 Ballistics
34:18 Murder Holes
34:34 Masonry
36:01 Husbandry
37:24 Gillnets
38:18 Vendel Legacy
42:32 Fervor
46:38 Imperial Age
47:30 Chain Barding Armor
47:46 Iron Casting
46:58 Elite Jarl
47:03 Gothikon
48:06 Conscription
Sir Leonhart
12:51 Feudal Age
19:43 Double-Bit Axe
20:05 Loom
20:28 Fletching
21:27 Wheelbarrow
20:48 Fishing Lines
23:36 Castle Age
26:26 Bodkin Arrow
27:08 Gillnets
28:08 Hand Cart
32:31 Ballistics
32:22 Clinker Construction
43:42 Imperial Age
41:45 Forging
41:36 Scale Mail Armor
43:56 Elite Jomsviking
47:35 Chain Mail Armor
47:55 Iron Casting
Johnley oner
5:22 Loom
14:09 Feudal Age
15:44 Wheelbarrow
15:18 Double-Bit Axe
15:35 Fishing Lines
17:36 Fletching
26:01 Horse Collar
30:50 Stone Mining
33:18 Castle Age
34:17 Hand Cart
36:05 Murder Holes
drip_trpz #Grandma Peek
12:29 Feudal Age
24:53 Castle Age
23:10 Fletching
23:20 Padded Archer Armor
26:52 Thumb Ring
26:07 Crossbowman
29:06 Medium Warships
30:58 Pikeman
5323717
17:03 Feudal Age
18:06 Fishing Lines
19:29 Horse Collar
20:12 Double-Bit Axe
21:55 Wheelbarrow
21:17 Gold Mining
27:01 Castle Age
28:34 Hand Cart
28:57 Gold Shaft Mining
28:13 Stone Mining
28:37 Bow Saw
28:32 Heavy Plow
30:45 Scale Barding Armor
30:42 Padded Archer Armor
30:32 Fletching
Connection lost

Rejoining the realm…

Still unreachable

The connection could not be restored.

Session expired

The server has moved on; the page needs a fresh start.